 Dungeon Crawl Stone Soup version 0.32-a0-35-gd9ff480968 (webtiles) character file.

Game seed: 8867802044888221788

42 PriceMaster the Firebug (level 3, 0/21 HPs)
             Began as an Octopode Fire Elementalist on Jan 23, 2024.
             Was a High Priest of Ignis.
             Slain by a gnoll
             ... wielding a +0 club
              (3 damage)
             ... on level 2 of the Dungeon.
             The game lasted 00:02:53 (928 turns).

PriceMaster the Firebug (Octopode Fire Elementalist) Turns: 928, Time: 00:02:54

Health: 0/21       AC:  1    Str:  7    XL:     3   Next: 54%
Magic:  3/6        EV: 13    Int: 19    God:    Ignis [*****.]
Gold:   75         SH:  0    Dex: 12    Spells: 6/7 levels left

rFire   + . .        a - +0 short sword
rCold   . . .        (no shield)
rNeg    . . .        (helmet currently unavailable)
rPois   .            (no amulet)
rElec   .            (no ring)
rCorr   .            (no ring)
SInv    .            (no ring)
Will    .....        (no ring)
Stlth   +++          (no ring)
HPRegen 0.23/turn    (no ring)
MPRegen 0.10/turn    (no ring)
                     (no ring)

%: no passive effects
@: beast-form
A: beast (slay +0), almost no armour, amphibious, 8 rings, camouflage 1,
gelatinous body 1, (nimble swimmer 1), tentacles
a: Begin Untransformation, Renounce Religion, Fiery Armour, Foxfire Swarm,
Rising Flame


You were on level 2 of the Dungeon.
You worshipped Ignis.
Ignis was extremely pleased with you.
You were a hulking beast.
You visited 1 branch of the dungeon, and saw 2 of its levels.

You collected 75 gold pieces.

Inventory:

Hand Weapons
 a - a +0 short sword (weapon)
 b - a +0 dagger
Talismans
 c - a beast talisman (active)
Scrolls
 e - 2 scrolls of blinking {unknown}
 f - a scroll of revelation {unknown}
Potions
 d - a potion of berserk rage {unknown}
 g - a potion of haste {unknown}
 h - 2 potions of lignification {unknown}
 i - a potion of brilliance


   Skills:
 + Level 0.3 Fighting
 + Level 0.1 Short Blades
 + Level 2.4 Dodging
 + Level 2.7 Stealth
 + Level 2.6 Spellcasting
 + Level 1.3 Conjurations
 + Level 3.4 Fire Magic


You had 6 spell levels left.
You knew the following spells:

 Your Spells              Type           Power      Damage    Failure   Level
a - Foxfire               Conj/Fire      44%        2x1d6     6%          1

Your spell library contained the following spells:

 Spells                   Type           Power      Damage    Failure   Level
 Scorch                   Fire           30%        2d6       6%          2
 Inner Flame              Hex/Fire       9%         N/A       24%         3
 Volatile Blastmotes      Fire/Tloc      18%        2d11      24%         3
 Hailstorm                Conj/Ice       5%         3d5       36%         3
 Summon Ice Beast         Ice/Summ       2%         N/A       43%         3
 Flame Wave               Conj/Fire      11%        2d6       52%         4
 Sculpt Simulacrum        Ice/Alch       1%         N/A       100%        6


Dungeon Overview and Level Annotations

Branches:
Dungeon (2/15)

Altars:
Qazlal
Ignis


Innate Abilities, Weirdness & Mutations

You are a hulking beast.
Your limbs bulge with bestial killing power. (Slay +0)
You cannot wear most types of armour.
You are amphibious.
You can wear up to eight rings at the same time.
Your skin changes colour to match your surroundings (Stealth+).
Your rubbery body absorbs attacks. (AC +1, EV +1)
((You are camouflaged when in or above water. (Stealth+)))
You have tentacles for arms and can constrict up to eight enemies at once.


Message History

Casting: Foxfire (safe; 6% risk of failure)
Confirm with . or Enter, or press ? or * to list all spells.
You conjure some foxfire!
Casting: Foxfire (safe; 6% risk of failure)
Confirm with . or Enter, or press ? or * to list all spells.
You conjure some foxfire!
The gnoll shouts!
The foxfire hits the gnoll.
The gnoll is lightly wounded.
A gnoll comes into view. It is wielding a +0 spear.
The foxfire hits the gnoll.
The gnoll is lightly wounded.
The foxfire hits the gnoll.
The gnoll is moderately wounded.
A gnoll comes into view. It is wielding a +0 club.
The gnoll hits you with a +0 club.
The gnoll shouts!
You hit the gnoll but do no damage. Your grab misses the gnoll.
The gnoll is moderately wounded.
The gnoll barely misses you.
The gnoll hits you from afar with a +0 spear.
You hit the gnoll. You grab the gnoll. You squeeze the gnoll.
The gnoll is almost dead.
You constrict the gnoll.
You kill the gnoll!
The gnoll hits you from afar with a +0 spear.
The gnoll hits you with a +0 spear.
You are too injured to fight recklessly!
Casting: Foxfire (safe; 6% risk of failure)
Confirm with . or Enter, or press ? or * to list all spells.
You conjure some foxfire!
The gnoll hits you with a +0 spear!
* * * LOW HITPOINT WARNING * * *
Casting: Foxfire (safe; 6% risk of failure)
Confirm with . or Enter, or press ? or * to list all spells.
You conjure some foxfire!
The foxfire hits the gnoll.
The gnoll is moderately wounded.
The foxfire hits the gnoll.
The gnoll is moderately wounded.
The gnoll closely misses you. The gnoll hits you with a +0 club.
You die...

.....#.###.##
#......###.### .##....
#............# .. ....
.............#.. .......
#........._..... .#.....
#.#...........# .....##
.......#.....####.......
............###v.g..#
.............##vhg..#
...............§)...#
...............#.#..#
.........##..###......#
........>###.§v.......#
....(....# ####.......#
........## ##.....#
.#.....## ######
########


You could see 2 gnolls.

Vanquished Creatures
  A gnoll (D:2)
  A dart slug (D:1)
  6 bats (D:1)
  2 endoplasms (D:1)
  2 giant cockroaches
  2 goblins (D:1)
  2 hobgoblins (D:1)
  A quokka (D:1)
  2 ball pythons (D:1)
  4 frilled lizards
  4 kobolds (D:1)
  3 rats
30 creatures vanquished.

Vanquished Creatures (others)
  65 foxfires
65 creatures vanquished.

Grand Total: 95 creatures vanquished

Notes
Turn   | Place    | Note
-------+----------+-------------------------------------------
     0 | D:1      | PriceMaster the Octopode Fire Elementalist began the quest
                  | for the Orb.
     0 | D:1      | Reached XP level 1. HP: 11/11 MP: 3/3
    96 | D:1      | Reached XP level 2. HP: 17/17 MP: 0/5
   420 | D:1      | Reached XP level 3. HP: 21/21 MP: 2/6
   802 | D:2      | Found a stormy altar of Qazlal.
   863 | D:2      | Found a faded altar of an unknown god.
   875 | D:2      | Prayed at the altar of an unknown god.
   875 | D:2      | Became a worshipper of Ignis, the Dying Flame
   928 | D:2      | Slain by a gnoll

Illustrated notes

Levels and vault maps discovered:
D:1:      dpeg_arrival_stone_temple_mockup, layout_rooms
D:2:      layout_rooms, basic_altar, shapermc_ecumenical_altar_notcrosses,
          chequers_serial_rivers_small_b, nicolae_the_louvre

Action                     || total
---------------------------++-------
  Melee: Unarmed           ||     5
         Constrict         ||     7
         Short sword       ||    20
         Dagger            ||     4
         Tentacles         ||     5
   Cast: Foxfire           ||    41
    Use: Potion            ||     2
   Stab: Sleeping          ||     2
 Armour: Skin              ||    35
  Dodge: Dodged            ||    32
   Form: Beast             ||     1

Table legend: (Time is in decaauts)
 A = Elapsed time spent in this place.
 B = Non-inter-level travel time spent in this place.
 C = Inter-level travel time spent in this place.
 D = Time resting spent in this place.
 E = Time spent auto-exploring this place.
 F = Levels seen in this place.
 G = Mean time per level.
                   A        B        C        D        E       F      G
               +--------+--------+--------+--------+--------+-----+--------+
         Total |    926 |    915 |     11 |     52 |    632 |   2 |  463.0 |
       Dungeon |    926 |    915 |     11 |     52 |    632 |   2 |  463.0 |
               +--------+--------+--------+--------+--------+-----+--------+

Top non-repeatable levels by time:
     D:1: 760 daAuts
     D:2: 166 daAuts
